 Dungeon Crawl Stone Soup version 0.30-a0-702-gdf48620a09 (webtiles) character file.

Game seed: 9086383323291723539

11 Alitron123 the Grasshopper (level 2, -1/23 HPs)
             Began as a Barachi Warper on Jan 21, 2023.
             Slain by a goblin
             ... wielding a +0 dagger
              (3 damage)
             ... on level 2 of the Dungeon.
             The game lasted 00:02:02 (423 turns).

Alitron123 the Grasshopper (Barachi Warper)          Turns: 423, Time: 00:02:04

Health: -1/23      AC:  3    Str: 12    XL:     2   Next: 29%
Magic:  5/5        EV: 11    Int: 13    God:
Gold:   76         SH:  0    Dex: 11    Spells: 5/5 levels left

rFire   . . .      SeeInvis .    a - +0 spear
rCold   . . .      Faith    .    (no shield)
rNeg    . . .      Spirit   .    b - +0 leather armour
rPois   .          Reflect  .    (no helmet)
rElec   .          Harm     .    (no cloak)
rCorr   .          Rampage  .    (no gloves)
Will    .....                    (no boots)
Stlth   +                        (no amulet)
HPRegen 0.23/turn                (no ring)
MPRegen 0.09/turn                (no ring)

@: unable to hop, slow
A: amphibious, slowness 1, strong legs 1, +LOS
a: Hop


You were on level 2 of the Dungeon.
You visited 1 branch of the dungeon, and saw 2 of its levels.

You collected 76 gold pieces.

Inventory:

Hand Weapons
 a - a +0 spear (weapon)
Armour
 b - a +0 leather armour (worn)
Scrolls
 c - a scroll of blinking
 d - a scroll of fear {unknown}
 e - a scroll of poison {unknown}
 i - a scroll of teleportation {unknown}
Potions
 f - a potion of curing {unknown}
 g - a potion of heal wounds {unknown}
 h - a potion of haste {unknown}


   Skills:
 + Level 2.4 Fighting
 + Level 2.1 Polearms
 + Level 1.3 Throwing
 + Level 1.2 Armour
 + Level 2.2 Dodging
 + Level 2.2 Spellcasting
 + Level 3.7 Translocations


You had 5 spell levels left.
You didn't know any spells.
Your spell library contained the following spells:

 Spells                   Type           Power      Damage    Failure   Level
 Blink                    Tloc           22%        N/A       11%         2
 Lesser Beckoning         Tloc           22%        N/A       11%         2
 Teleport Other           Tloc           11%        N/A       21%         3
 Vhi's Electric Charge    Tloc/Air       12%        N/A       41%         3
 Manifold Assault         Tloc           11%        N/A       56%         4


Dungeon Overview and Level Annotations

Branches:
Dungeon (2/15)

Altars:


Innate Abilities, Weirdness & Mutations

You are amphibious.
You cover ground slowly.
You can hop short distances.
You have an extended range of vision and can be seen from far away.


Message History

You closely miss the quokka.
The quokka is heavily wounded.
The quokka closely misses you.
You hit the quokka.
The quokka is almost dead.
You kill the endoplasm!
The quokka closely misses you.
You hit the quokka but do no damage.
The quokka is almost dead.
The quokka misses you. The goblin closely misses you.
The quokka completely misses you.
You closely miss the quokka.
The quokka is almost dead.
The goblin hits you but does no damage. The quokka barely misses you.
You hit the quokka but do no damage.
The quokka is almost dead.
The goblin hits you with a +0 dagger.
* * * LOW HITPOINT WARNING * * *
The quokka bites you but does no damage.
You hit the quokka but do no damage.
The quokka is almost dead.
The quokka closely misses you. The goblin hits you but does no damage.
You hit the quokka.
You kill the quokka!
The goblin hits you with a +0 dagger.
* * * LOW HITPOINT WARNING * * *
You are too injured to fight recklessly!
Throw: dart (poison)
Press: ? - help, Shift-Dir - straight line, f - goblin
Aim: a goblin, wielding a +0 dagger (47% to hit)
You throw a poisoned dart.
The poisoned dart completely misses the goblin.
The goblin hits you with a +0 dagger.
* * * LOW HITPOINT WARNING * * *
You are too injured to fight recklessly!
You are too injured to fight recklessly!
You are too injured to fight recklessly!
The goblin hits you but does no damage. The goblin hits you with a +0 dagger.
You die...

#........## ....
............ >....
###........#?. .....
............. ......
............. ......
.#.......... .......
#.#........#
.......####.#.......<#
........#.....@g....##
.....J..(...(.†.....#
..........(.........#
........##...(..........
........#.$........###..
..................##
....>.###.##.#.#.##
######.......#.#...
#....<....####


You could see a goblin.

Vanquished Creatures
  2 endoplasms
  A giant cockroach (D:1)
  2 hobgoblins
  3 quokkas
  A bat (D:1)
9 creatures vanquished.

Notes
Turn   | Place    | Note
-------+----------+-------------------------------------------
     0 | D:1      | Alitron123 the Barachi Warper began the quest for the Orb.
     0 | D:1      | Reached XP level 1. HP: 17/17 MP: 3/3
   391 | D:2      | Reached XP level 2. HP: 23/23 MP: 5/5
   423 | D:2      | Slain by a goblin

Illustrated notes

Levels and vault maps discovered:
D:1:      dpeg_arrival_rooms_c, layout_basic
D:2:      layout_rooms, shapermc_ecumenical_altar_gd

Action                   || total
-------------------------++-------
Melee: Spear             ||    36
Throw: Boomerang         ||     7
       Dart              ||     5
 Abil: Hop               ||     1
Armor: Leather armour    ||    13
Dodge: Dodged            ||    25

Table legend: (Time is in decaauts)
 A = Elapsed time spent in this place.
 B = Non-inter-level travel time spent in this place.
 C = Inter-level travel time spent in this place.
 D = Time resting spent in this place.
 E = Time spent auto-exploring this place.
 F = Levels seen in this place.
 G = Mean time per level.
                   A        B        C        D        E       F      G
               +--------+--------+--------+--------+--------+-----+--------+
         Total |    485 |    482 |      3 |      0 |    371 |   2 |  242.5 |
       Dungeon |    485 |    482 |      3 |      0 |    371 |   2 |  242.5 |
               +--------+--------+--------+--------+--------+-----+--------+

Top non-repeatable levels by time:
     D:1: 435 daAuts
     D:2: 49 daAuts
